 Dungeon Crawl Stone Soup version 0.26-a0-712-ga5a9c9c9d0 (webtiles) character file.

Game seed: 14696410570704559791

140618 Apogee the Bludgeoner (level 17, -8/127 HPs)
             Began as a Formicid Fighter on Nov 2, 2020.
             Was the Champion of Ru.
             Killed from afar by a deep elf elementalist (13 damage)
             ... with a fireball
             ... on level 3 of the Elven Halls.
             The game lasted 00:58:21 (35815 turns).

Apogee the Bludgeoner (Formicid Fighter)           Turns: 35815, Time: 00:58:21

Health: -8/127     AC: 28    Str: 33    XL:     17   Next: 92%
Magic:  0/26       EV: 13    Int:  9    God:    Ru [******]
Gold:   2604       SH: 13    Dex: 10    Spells: 16/16 levels left

rFire    . . .     SeeInvis +   a - +1 morningstar of Royalism {vorpal, rF+ Stlth+}
rCold    + + .     Faith    .   c - +0 kite shield
rNeg     . . .     Spirit   +   k - +8 ice dragon scales of Suvuocro {rElec rF- rC++ MP+9 Slay+2}
rPois    .         Reflect  .   (helmet unavailable)
rElec    +         Harm     .   N - +0 cloak
rCorr    .         Rampage  .   f - +0 pair of gloves
MR       +....                  Q - +0 pair of boots
Stlth    ..........             u - amulet of guardian spirit
HPRegen  0.31/turn              I - +4 ring of slaying
MPRegen  0.20/turn              s - +6 ring of strength

@: lightly drained
A: permanent stasis, dig shafts and tunnels, four strong arms, antennae 3, frail
1, inability to use devices, unskilled 1, missing an eye
a: Dig, Shaft Self, Draw Out Power, Power Leap, Apocalypse, Renounce Religion


You were on level 3 of the Elven Halls.
You worshipped Ru.
Ru was exalted by your worship.
You visited 5 branches of the dungeon, and saw 27 of its levels.
You also visited: Ice Cave.

You collected 2850 gold pieces.
You spent 246 gold pieces at shops.

Inventory:

Hand Weapons
 a - the +1 morningstar of Royalism (weapon) {vorpal, rF+ Stlth+}
   (You found it in an ice cave)

   It inflicts extra damage upon your enemies.
   It protects you from fire.
   It makes you more stealthy.
 b - the +7 hunting sling of Sizxenna {speed, Dex+2}
   (You bought it in a shop on level 2 of the Orcish Mines)

   Attacks with this weapon are significantly faster.
   It affects your dexterity (+2).
 Z - a +0 hunting sling
   (You took it off a goblin on level 2 of the Dungeon)
Missiles
 l - 806 stones (quivered)
 m - 139 sling bullets
 R - 2 throwing nets {!f}
Armour
 c - a +0 kite shield (worn)
 f - a +0 pair of gloves (worn)
   (You found it on level 1 of the Dungeon)
 k - the +8 ice dragon scales of Suvuocro (worn) {rElec rF- rC++ MP+9 Slay+2}
   (You found it in an ice cave)

   It affects your accuracy and damage with ranged weapons and melee attacks
   (+2).
   It makes you vulnerable to fire.
   It greatly protects you from cold.
   It insulates you from electricity.
   It affects your magic capacity (+9).
 N - a +0 cloak (worn)
   (You found it on level 6 of the Dungeon)
 Q - a +0 pair of boots (worn)
   (You found it on level 10 of the Dungeon)
Jewellery
 e - an uncursed amulet of magic regeneration
   (You found it on level 3 of the Dungeon)
 h - an uncursed ring of magical power
   (You found it on level 8 of the Dungeon)
 i - an uncursed ring of stealth
   (You found it on level 1 of the Dungeon)
 s - a +6 ring of strength (right hand)
   (You found it on level 3 of the Dungeon)
 u - an amulet of guardian spirit (around neck)
   (You found it on level 11 of the Dungeon)
 w - a +6 ring of dexterity
   (You found it on level 3 of the Dungeon)
 E - an uncursed ring of positive energy
   (You found it on level 8 of the Dungeon)
 H - the ring of Uskayaw's Grace {*Tele MR+}
   (You found it on level 9 of the Dungeon)

   [ring of teleportation]

   It may teleport you next to monsters.
   It affects your resistance to hostile enchantments.
 I - a +4 ring of slaying (left hand)
   (You found it on level 9 of the Dungeon)
 Y - an uncursed ring of poison resistance {unknown}
   (You found it on level 6 of the Lair of Beasts)
Scrolls
 g - 13 scrolls of remove curse {@r2}
 j - a scroll of torment {unknown}
 o - a scroll of identify {@r1}
 q - 4 scrolls of immolation {!r}
 t - 3 scrolls of vulnerability {!r}
 x - 4 scrolls of fog
 A - a scroll of acquirement {unknown}
 B - 2 scrolls of magic mapping
 D - 3 scrolls of enchant weapon
 J - a scroll of fear
 O - 6 scrolls of enchant armour
 P - 6 scrolls of amnesia
 T - a scroll of brand weapon
 V - a scroll of holy word {unknown}
 X - a scroll of silence
Potions
 d - 7 potions of brilliance
 n - 4 potions of flight
 p - 3 potions of ambrosia
 r - 5 potions of stabbing
 v - a potion of resistance
 y - 3 potions of lignification {!q}
 z - 3 potions of invisibility
 C - 2 potions of cancellation
 G - a potion of magic
 K - 2 potions of degeneration {!q}
 L - 4 potions of mutation {!q}


   Skills:
 - Level 15.0(14.9) Fighting
 - Level 16.0(15.9) Maces & Flails
 + Level 8.7(8.6) Slings
 - Level 15.0(14.9) Armour
 + Level 5.5(5.4) Dodging
 - Level 9.6(9.5) Shields


You had 16 spell levels left.
You didn't know any spells.
Your spell library contained the following spells:

 Spells                   Type           Power        Failure   Level
 Animate Skeleton         Necr           #.....       56%         1
 Apportation              Tloc           #.....       56%         1
 Corona                   Hex            #......      56%         1
 Foxfire                  Conj/Fire      #...         56%         1
 Magic Dart               Conj           #...         56%         1
 Summon Small Mammal      Summ           #...         56%         1
 Call Imp                 Summ           #.......     71%         2
 Slow                     Hex            #.......     71%         2
 Conjure Flame            Conj/Fire      #.......     91%         3
 Gell's Gravitas          Tloc           #.........   91%         3
 Inner Flame              Hex/Fire       #.......     91%         3
 Lesser Beckoning         Tloc           #.........   91%         3
 Mephitic Cloud           Conj/Pois/Air  #.......     91%         3
 Teleport Other           Tloc           #.......     91%         3
 Cause Fear               Hex            #.........   100%        4
 Passage of Golubria      Tloc           N/A          100%        4
 Sticky Flame             Conj/Fire      #.......     100%        4
 Summon Lightning Spire   Summ/Air       #.......     100%        4
 Alistair's Intoxication  Tmut/Pois      #........    100%        5
 Fireball                 Conj/Fire      #.........   100%        5
 Silence                  Hex/Air        #.........   100%        5
 Yara's Violent Unravell  Hex/Tmut       #.........   100%        5
 Conjure Ball Lightning   Conj/Air       #.........   100%        6
 Freezing Cloud           Conj/Ice/Air   #.........   100%        6
 Iron Shot                Conj/Erth      #.........   100%        6
 Discord                  Hex            #.........   100%        8
 Tornado                  Air            #.........   100%        9
 Blink                    Tloc           Unusable     N/A         2

Dungeon Overview and Level Annotations

Branches:
Dungeon (15/15)            Temple (1/1) D:5            Lair (6/6) D:8
  Swamp (0/4) Lair:3        Snake (0/4) Lair:3          Orc (2/2) D:12
    Elf (3/3) Orc:2        Vaults (0/5) D:13         Depths (0/5) D:15
  IceCv (visited)
  Slime: Lair:5-6

Altars:
Ashenzari
Cheibriados
Dithmenos
Elyvilon
Fedhas
Gozag
Hepliaklqana
Kikubaaqudgha
Makhleb
Nemelex Xobeh
Okawaru
Qazlal
Ru
Sif Muna
Trog
Uskayaw
Vehumet
Wu Jian
Xom
Yredelemnul
Zin
The Shining One

Shops:
D:9 (   Orc:2 [?(?   Elf:1 (   Elf:3 ?

Portals:
Trove: D:14 (give +3 storm dragon scales)

Annotations:
D:7 1 runed translucent door, Crazy Yiuf
D:9 2 runed translucent doors
Lair:5 exclusion: oklob plant
Elf:2 3 runed translucent doors
Elf:3 1 runed translucent door, 1 exclusion, bmj180's ghost, adept MiFi


Innate Abilities, Weirdness & Mutations

You cannot be hasted, slowed, berserked, paralysed or teleported.
You can dig through walls and to a lower floor.
Your four strong arms can wield two-handed weapons with a shield.
You have a pair of large antennae on your head. (SInv)
You are frail. (-10% HP)
You cannot study or use magical devices.
You are somewhat unskilled. (-1 Apt)
You are missing an eye, making it more difficult to aim.


Message History

You are restored by drawing out deep reserves of power within.
You feel drained.
The deep elf master archer stops glowing.
The deep elf master archer shoots an arrow.
You block the arrow. You block the earth elemental's attack.
The earth elemental hits you!!
* * * LOW HITPOINT WARNING * * *
You focus your will and paralyse the earth elemental in retribution!
You barely miss the deep elf master archer.
The deep elf master archer shoots an arrow.
The arrow hits you!!
* * * LOW HITPOINT WARNING * * *
The earth elemental barely misses you.
You flatten the deep elf master archer like a pancake!!!
You kill the deep elf master archer!
The earth elemental disappears in a puff of smoke!
The deep elf elementalist gestures at you while chanting.
Some walls begin to move on their own!
You block the earth elemental's attack.
You hear a shout! x3
Unknown command.
You barely miss the earth elemental.
The deep elf elementalist begins to cast a spell, but is stunned by your will!
Unknown command.
The earth elemental is stunned by your will and fails to attack.
You block the earth elemental's attack.
You extend your mandibles.
You dig through the rock wall.
You dig through the rock wall.
Unknown command.
You dig through the rock wall.
Some walls begin to move on their own!
Unknown command.
You retract your mandibles.
You feel less exhausted.
The deep elf elementalist gestures at you while chanting.
The freezing blast engulfs you! You resist.
* * * LOW HITPOINT WARNING * * *
You are engulfed in freezing vapours.
You resist.
The deep elf elementalist is no longer moving quickly.
The deep elf elementalist gestures at you while chanting.
The fireball explodes!
You hear a sizzling sound!
The fireball engulfs you!!
* * * LOW HITPOINT WARNING * * *
You hear a sizzling sound! x2
You see here a scroll of teleportation {@r4}.
As you read the scroll of fog, it crumbles to dust.
The scroll dissolves into smoke.
A fireball appears from out of your range of vision.
The fireball explodes!
The fireball engulfs you!
You die...

.....#########.# ##E##
####...........# ###E##
#..########.# ##EE## #..#
#.### #)E({# ##++#####
#.#.###.EE{### ##.......#
#.##)#..##{EE
##......#'####○#.######E##
#.......'∩'.##§☼######.##
'.....))#'#.##.☼@§§○☼e..#
'........'..)..########.#
#........##.#### #.#
#........###.## #.#
#......<)).##.# #.#
#........#.#.## ###
#........##.##
#........#### .........#


There were no monsters in sight!

Vanquished Creatures
  Rupert (D:14)
  A deep elf master archer (Elf:3)
  A deep elf blademaster (Elf:3)
  A deep elf sorcerer (Elf:3)
  An azure jelly (shapeshifter) (D:15)
  An orc warlord (Orc:1)
  A deep elf elementalist (Elf:3)
  A deep elf demonologist (Elf:1)
  3 deep elf annihilators
  An ettin (D:13)
  Snorg (D:14)
  Fannar (Lair:2)
  A deep elf high priest (Elf:3)
  2 ogre magi (Orc:2)
  A rakshasa (D:15)
  A boulder beetle (D:15)
  A catoblepas (Lair:6)
  A merfolk avatar (Lair:6)
  5 hydras
  9 two-headed ogres
  2 centaur warriors
  Erica (D:9)
  2 death yaks (Lair:5)
  10 dancing weapons
  A queen ant (Lair:2)
  Sonja (D:12)
  6 deep elf knights
  A shadow wraith (D:13)
  An iron troll (Orc:2)
  A deep troll (Orc:2)
  A sea snake (shapeshifter) (D:13)
  4 unseen horrors
  2 sea snakes (Lair:6)
  A glowing orange brain (D:15)
  2 orc knights
  15 deep elf archers
  A necromancer (D:13)
  2 harpies (Lair:6)
  Pikel (D:7)
  An orb spider (shapeshifter) (D:15)
  A lindwurm (shapeshifter) (Elf:1)
  15 ugly things
  50 deep elf magi
  A manticore (D:11)
  2 orc sorcerers (Orc:1)
  3 cyclopes
  2 black mambas
  3 ice statues (IceCv)
  16 elephants
  9 cane toads
  Maggie (D:6)
  A gargoyle (D:11)
  A torpor snail (Lair:5)
  Psyche (D:12)
  6 rime drakes
  A yaktaur (shapeshifter) (D:14)
  6 komodo dragons
  A tengu conjurer (D:14)
  A freezing wraith (D:15)
  2 trolls (shapeshifter) (D:15)
  6 meliai
  4 polar bears (Lair:6)
  9 trolls
  11 blink frogs
  A hornet (D:10)
  5 slime creatures
  A meliai zombie (D:13)
  5 dream sheep (Lair:2)
  3 vampires
  2 shadows
  A water elemental (Elf:1)
  A tarantella (shapeshifter) (D:15)
  8 wyverns
  Sigmund (D:2)
  3 wraiths
  33 yaks
  2 basilisks
  2 fire elementals (Elf:3)
  3 nagas (Lair:3)
  7 soldier ants
  2 wargs
  34 water moccasins
  Duvessa (D:5)
  15 ice beasts
  2 swamp drakes
  2 sky beasts
  4 black bears
  A meliai simulacrum (D:14)
  An eye of draining (D:13)
  10 orc warriors
  5 phantoms
  A necrophage (D:13)
  24 ogres
  18 wolves
  11 centaurs
  2 big kobolds
  24 bullfrogs
  4 earth elementals
  2 gnoll sergeants
  Dowan (D:5)
  5 scorpions
  5 killer bees
  23 wights
  A howler monkey (D:6)
  2 centaur zombies
  A bullfrog zombie (D:10)
  2 quasits
  6 hounds
  4 jellies
  4 centaur skeletons
  13 orc wizards
  12 orc priests
  A bullfrog skeleton (D:5)
  3 iguanas
  Ijyb (D:5)
  Natasha (thrice) (D:2)
  32 worker ants
  A killer bee zombie (D:8)
  2 hound skeletons
  A howler monkey zombie (D:7)
  2 worker ant zombies
  12 gnolls
  A howler monkey skeleton (D:5)
  36 adders
  3 shadow imps
  2 white imps
  An ufetubus (D:7)
  3 oozes
  An adder zombie (D:9)
  An adder skeleton (D:4)
  A dart slug (D:1)
  3 leopard geckos
  54 orcs
  3 ball pythons
  6 bats
  7 giant cockroaches
  10 goblins
  9 hobgoblins
  12 jackals
  4 quokkas
  7 frilled lizards
  13 kobolds
  A quokka skeleton (D:6)
  A quokka zombie (D:5)
  12 rats
813 creatures vanquished.

Vanquished Creatures (others)
  2 deep elf elementalists (Elf:3)
  A deep elf high priest (Elf:3)
  2 dancing weapons
  A deep elf knight (Elf:1)
  2 deep elf archers (Elf:3)
  A deep elf mage (Elf:1)
  An ugly thing (IceCv)
  A centaur skeleton (D:12)
  A komodo dragon (Lair:6)
  A troll (D:13)
  A water elemental (Elf:1)
  An ice beast (D:13)
  2 centaurs
  A wight (D:7)
  2 orcs (Orc:1)
  38 fungi
  63 plants
121 creatures vanquished.

Grand Total: 934 creatures vanquished

Notes
Turn   | Place    | Note
-------+----------+-------------------------------------------
     0 | D:1      | Apogee the Formicid Fighter began the quest for the Orb.
     0 | D:1      | Reached XP level 1. HP: 18/18 MP: 1/1
    60 | D:1      | Reached XP level 2. HP: 19/24 MP: 2/2
   385 | D:1      | Reached XP level 3. HP: 29/29 MP: 3/3
   953 | D:2      | Found a glowing golden altar of the Shining One.
  1026 | D:2      | Reached skill level 3 in Maces & Flails
  1026 | D:2      | Reached XP level 4. HP: 37/37 MP: 4/4
  1085 | D:2      | Noticed Sigmund
  1102 | D:2      | Killed Sigmund
  1102 | D:2      | Reached skill level 4 in Maces & Flails
  1102 | D:2      | Reached XP level 5. HP: 37/42 MP: 5/5
  1102 | D:2      | Reached XP level 6. HP: 42/48 MP: 6/6
  1596 | D:2      | Noticed Natasha
  1605 | D:2      | Killed Natasha
  1613 | D:2      | Reached skill level 5 in Shields
  1666 | D:2      | Noticed Natasha
  1670 | D:2      | Killed Natasha
  1670 | D:2      | Reached XP level 7. HP: 43/55 MP: 7/7
  2031 | D:2      | Noticed Natasha
  2040 | D:2      | Killed Natasha
  2040 | D:2      | Reached skill level 5 in Maces & Flails
  2899 | D:3      | Reached skill level 5 in Fighting
  3587 | D:3      | Reached skill level 5 in Armour
  3953 | D:4      | Reached XP level 8. HP: 62/62 MP: 8/8
  4166 | D:4      | Reached skill level 6 in Maces & Flails
  4806 | D:5      | Entered Level 5 of the Dungeon
  4810 | D:5      | Noticed Duvessa
  4813 | D:5      | Noticed Dowan
  4821 | D:5      | Killed Duvessa
  4834 | D:5      | Killed Dowan
  4855 | D:5      | Noticed Ijyb
  4882 | D:5      | Killed Ijyb
  5162 | D:5      | Found a staircase to the Ecumenical Temple.
  5301 | D:5      | Reached XP level 9. HP: 69/69 MP: 9/9
  5321 | Temple   | Entered the Ecumenical Temple
  5453 | Temple   | Became a worshipper of Ru the Awakened
  5611 | D:5      | Noticed Edmund
  5613 | D:5      | Noticed Edmund
  5613 | D:5      | Edmund changed into Edmund the swamp drake
  5627 | D:5      | Killed Edmund the swamp drake
  5820 | D:5      | Reached skill level 7 in Maces & Flails
  6577 | D:6      | Found a stormy altar of Qazlal.
  6756 | D:6      | Noticed Maggie
  6781 | D:6      | Killed Maggie
  7074 | D:6      | Gained mutation: You are somewhat unskilled. (-1 Apt) [Ru
                  | sacrifice]
  7074 | D:6      | Reached * piety under Ru
  7074 | D:6      | Reached ** piety under Ru
  7775 | D:7      | Reached XP level 10. HP: 51/77 MP: 10/10
  8175 | D:7      | Found a hazy altar of Hepliaklqana.
  8175 | D:7      | Found an iron altar of Okawaru.
  8294 | D:7      | Found a runed translucent door.
  8295 | D:7      | Noticed Crazy Yiuf
  8453 | D:7      | Noticed Pikel
  8490 | D:7      | Killed Pikel
  9619 | D:8      | Found a white marble altar of Elyvilon.
  9781 | D:8      | Found a staircase to the Lair.
  9992 | D:9      | Found a radiant altar of Vehumet.
  9993 | D:9      | Found a bloodstained altar of Trog.
 10000 | D:9      | Found an ornate altar of the Wu Jian Council.
 10038 | D:9      | Gained mutation: You cannot study or use magical devices.
                  | [Ru sacrifice]
 10038 | D:9      | Reached *** piety under Ru
 10038 | D:9      | Reached **** piety under Ru
 10083 | D:9      | Reached skill level 8 in Maces & Flails
 10234 | D:9      | Got a heavily runed lead ring
 10236 | D:9      | Identified the ring of Uskayaw's Grace {*Tele MR+} (You
                  | found it on level 9 of the Dungeon)
 10351 | D:9      | Found a runed translucent door.
 10351 | D:9      | Noticed a fire dragon
 10360 | D:9      | Noticed an ice dragon
 10360 | D:9      | Noticed an ice dragon
 10360 | D:9      | Noticed a fire dragon
 10361 | D:9      | Found the +2 shield of Resistance {rF++ rC++ MR++}
 10368 | D:9      | Found a runed translucent door.
 10564 | D:9      | Noticed Erica
 10584 | D:9      | Killed Erica
 10891 | D:9      | Found Hiacingu's Weapon Boutique.
 11057 | D:10     | Entered Level 10 of the Dungeon
 11158 | D:9      | Reached XP level 11. HP: 44/86 MP: 11/11
 11828 | D:10     | Reached skill level 9 in Maces & Flails
 13174 | D:11     | Gained mutation: You are frail. (-10% HP) [Ru sacrifice]
 13174 | D:11     | Reached ***** piety under Ru
 13746 | D:11     | Noticed a manticore
 13755 | D:11     | Killed a manticore
 13779 | D:11     | Noticed a green ugly thing
 13790 | D:11     | Killed a green ugly thing
 13790 | D:11     | Reached skill level 10 in Maces & Flails
 14477 | D:12     | Reached XP level 12. HP: 78/85 MP: 12/12
 14524 | D:12     | Noticed Sonja
 14529 | D:12     | Killed Sonja
 14659 | D:12     | Noticed Psyche
 14662 | D:12     | Killed Psyche
 14791 | D:12     | Found a basalt altar of Yredelemnul.
 14987 | D:12     | Noticed a two-headed ogre
 14997 | D:12     | Killed a two-headed ogre
 15107 | D:12     | Found a staircase to the Orcish Mines.
 15130 | D:12     | Reached skill level 11 in Maces & Flails
 15423 | D:13     | Found a frozen archway.
 15467 | IceCv    | Entered an ice cave
 15628 | IceCv    | HP: 4/87 [ice beast[an ice statue] (10)]
 16220 | IceCv    | Reached skill level 10 in Armour
 16271 | IceCv    | Reached skill level 10 in Fighting
 16503 | IceCv    | Got fine ice dragon scales
 16509 | IceCv    | Got an ancient morningstar
 16524 | IceCv    | Identified the +8 ice dragon scales of Suvuocro {rElec rF-
                  | rC++ MP+9 Slay+2} (You found it in an ice cave)
 16540 | IceCv    | Identified the cursed +1 morningstar of Royalism {vorpal,
                  | rF+ Stlth+} (You found it in an ice cave)
 16647 | D:13     | Noticed an unseen horror
 16660 | D:13     | Killed an unseen horror
 16706 | D:13     | Noticed a centaur warrior
 16718 | D:13     | Killed a centaur warrior
 16725 | D:13     | Reached XP level 13. HP: 80/92 MP: 13/13
 16843 | D:13     | Reached skill level 12 in Maces & Flails
 17203 | D:13     | Noticed a seven-headed hydra
 17208 | D:13     | Killed a seven-headed hydra
 17508 | D:13     | Noticed an ettin
 17514 | D:13     | Killed an ettin
 17645 | D:13     | Found a gate to the Vaults.
 17999 | D:14     | Found a radiant altar of Vehumet.
 18058 | D:14     | Reached skill level 13 in Maces & Flails
 18272 | D:14     | Noticed Snorg
 18278 | D:14     | Killed Snorg
 18617 | D:14     | Noticed Rupert
 18618 | D:14     | Gained mutation: You are missing an eye, making it more
                  | difficult to aim. [Ru sacrifice]
 18618 | D:14     | Reached ****** piety under Ru
 18631 | D:14     | Killed Rupert
 18910 | D:14     | Reached XP level 14. HP: 32/101 MP: 8/14
 19303 | D:14     | Found a portal to a secret trove of treasure.
 19613 | D:15     | Entered Level 15 of the Dungeon
 20705 | D:15     | Reached skill level 14 in Maces & Flails
 20833 | D:15     | Found a staircase to the Depths.
 21121 | D:15     | Noticed a golden dragon
 21131 | D:15     | Noticed an azure jelly
 21137 | D:15     | Killed an azure jelly
 21355 | Lair:1   | Entered Level 1 of the Lair of Beasts
 22348 | Lair:2   | Noticed Fannar
 22390 | Lair:2   | Killed Fannar
 23164 | Lair:2   | Reached XP level 15. HP: 109/109 MP: 15/15
 23682 | Lair:3   | Found a staircase to the Swamp.
 23860 | Lair:3   | Found a staircase to the Snake Pit.
 23904 | Lair:3   | Reached skill level 15 in Maces & Flails
 25184 | Lair:4   | Identified Esmeleam's Compendium of Virous Ignition
 25233 | Lair:4   | You fall into a shaft and drop 1 floor!
 25862 | Lair:5   | Found a burning altar of Makhleb.
 26261 | Lair:6   | Entered Level 6 of the Lair of Beasts
 27435 | Lair:6   | Reached skill level 16 in Maces & Flails
 27435 | Lair:6   | Reached XP level 16. HP: 65/117 MP: 16/16
 27715 | Lair:6   | Got a slimy mace
 27717 | Lair:6   | Identified the +4 mace of Midnight {flame, rF+ rC+} (You
                  | found it on level 6 of the Lair of Beasts)
 28494 | Orc:1    | Entered Level 1 of the Orcish Mines
 29108 | Orc:2    | Entered Level 2 of the Orcish Mines
 29423 | Orc:2    | Found Kauwnoc's Antique Weapon Emporium.
 29474 | Orc:2    | Identified the cursed +1 scale mail of Ajeoxo {Dex+3}
 29980 | Orc:2    | Found Diry's Armour Boutique.
 29984 | Orc:2    | Bought a translucent hunting sling for 156 gold pieces
 29984 | Orc:2    | Identified the +7 hunting sling of Sizxenna {speed, Dex+2}
                  | (You bought it in a shop on level 2 of the Orcish Mines)
 29988 | Orc:2    | Found Omubatoj's Magic Scroll Shoppe.
 29989 | Orc:2    | Found Fadyrhuiff's Magic Scroll Shoppe.
 29997 | Orc:2    | Bought a scroll of magic mapping for 42 gold pieces
 29997 | Orc:2    | Bought a scroll of identify for 24 gold pieces
 29997 | Orc:2    | Bought a scroll of identify for 24 gold pieces
 30087 | Orc:2    | Found a staircase to the Elven Halls.
 30466 | Elf:1    | Entered Level 1 of the Elven Halls
 30879 | Elf:1    | Reached skill level 1 in Slings
 30907 | Elf:1    | Found Imyryipo's Weapon Boutique.
 31354 | Elf:1    | Noticed an Executioner
 32509 | Elf:1    | Identified the Grimoire of Combat Magic
 33032 | Elf:2    | Reached XP level 17. HP: 121/126 MP: 17/17
 33767 | Elf:2    | Reached skill level 5 in Slings
 33805 | Elf:2    | Reached skill level 15 in Armour
 33813 | Elf:2    | Reached skill level 15 in Fighting
 33982 | Elf:2    | Found a runed translucent gate.
 33982 | Elf:2    | Found a runed translucent gate.
 33984 | Elf:2    | Found a runed translucent gate.
 34033 | Elf:3    | Entered Level 3 of the Elven Halls
 34043 | Elf:3    | Reached skill level 1 in Dodging
 34064 | Elf:3    | Found Hanlaoli's Magic Scroll Shop.
 35529 | Elf:3    | Found a shimmering altar of Xom.
 35529 | Elf:3    | Noticed bmj180's ghost (adept MiFi)
 35530 | Elf:3    | Found a runed translucent door.
 35530 | Elf:3    | Identified the +9 glaive "Jauxaosu" {chaos, rC- Dex+5}
 35736 | Elf:3    | Reached skill level 5 in Dodging
 35765 | Elf:3    | Noticed a deep elf blademaster
 35766 | Elf:3    | Noticed a deep elf master archer
 35793 | Elf:3    | Killed a deep elf blademaster
 35803 | Elf:3    | Killed a deep elf master archer
 35814 | Elf:3    | HP: 4/127 [deep elf elementalist/fireball (20)]
 35815 | Elf:3    | Killed from afar by a deep elf elementalist

Illustrated notes

Levels and vault maps discovered:
D:1:      lemuel_arrival_cross, layout_basic
D:2:      layout_rooms, lemuel_doored_altar, serial_park_tiny_1, uniq_sigmund,
          uniq_natasha
D:3:      layout_basic, roderic_roman_lattice, corner_web_ring,
          minmay_misc_feat_plants, wad_orctagon
D:4:      layout_basic, serial_bayou, serial_bayou_ford_a, serial_bayou_lake_a,
          serial_bayou_shore_b, serial_bayou_shore_b
D:5:      layout_basic, minmay_temple_entry_mini_moons, grunt_ministairs_11,
          uniq_ijyb, uniq_edmund, uniq_duvessa
D:6:      layout_cave_pools, abandoned_shop, nicolae_qazlal_general_emergency,
          uniq_maggie
D:7:      layout_cave_pools, grunt_temple_overflow_open,
          uniq_crazy_yiuf_cottage, uniq_pikel
D:8:      layout_basic, lemuel_crystal_altar, lair_entry_dummy,
          grunt_decor_arrowhead
D:9:      layout_irregular_city, gammafunk_temple_overflow_forgotten,
          serial_shops, shop_statue, minmay_guarded_unrand_resistance,
          uniq_erica
D:10:     lemuel_upstairs_altar, layout_cave_pools, minivault_19,
          kennysheep_donut
D:11:     layout_basic, skrybe_limestone_x
D:12:     layout_loops_corners, orc_0_dummy, david_defended_altar_elf,
          uniq_psyche, uniq_sonja
D:13:     layout_loops_ring, david_vaults_4, portal_ice_cave_entry_ice_beasts
D:14:     layout_basic, lemuel_coloured_pillars_altar,
          nicolae_trove_entry_crystal, uniq_rupert, uniq_snorg
D:15:     gammafunk_enter_depths_forms, layout_basic, minivault_26
Temple:   regret_index_temple_waves
Lair:1:   layout_layer_cave
Lair:2:   layout_chaotic_city, serial_bayou_pond_c, zaba_antful_of_joy,
          uniq_fannar
Lair:3:   layout_chaotic_city, minmay_swamp_entry_reptiles,
          guppyfry_snake_entry_island
Lair:4:   lemuel_reptile_caves, layout_regular_city,
          grunt_forest_small_clearing_treed, grunt_megastairs_1
Lair:5:   layout_regular_city, minmay_slime_entry_oklob_enclosed,
          lemuel_centaur_altar
Lair:6:   gammafunk_lair_ancient_temple, layout_loops_ring
Orc:1:    layout_diamond_mine
Orc:2:    st_orc_open, layout_diamond_mine, minmay_orc_keep
Elf:1:    layout_geoelf_octagon, serial_shops, shop, minmay_elf_annihilation
Elf:2:    layout_loops_cross
Elf:3:    minmay_elf_hall_x, layout_gridlike, serial_shops,
          nicolae_shop_behind_doors, ebering_ghost_xom, uniq_bai_suzhen

Skill      XL: |  1  2  3  4  5  6  7  8  9 10 11 12 13 14 15 16 17 |
---------------+----------------------------------------------------+-----
Shields        | 4 5 6 7 8 9 |  9.6
Maces & Flails | 3 4 5 6 7 8 10 11 13 14 16 | 16.0
Fighting       | 4 5 6 6 7 9 10 11 12 13 14 15 | 15.0
Armour         | 4 5 6 6 7 9 10 11 12 13 14 15 | 15.0
Slings         | 4 8 |  8.7
Dodging        | 5 |  5.5

Action                   |  1- 3 |  4- 6 |  7- 9 | 10-12 | 13-15 | 16-18 || total
-------------------------+-------+-------+-------+-------+-------+-------++-------
Melee: Flail             |   129 |    84 |   332 |   665 |       |       ||  1210
       Whip              |       |       |   323 |   104 |       |       ||   427
       Unarmed           |       |       |    17 |       |       |       ||    17
       Morningstar       |       |       |       |    26 |  1342 |   879 ||  2247
 Fire: Hunting sling     |       |       |    10 |       |       |    26 ||    36
Invok: Sacrifice Skill   |       |       |     1 |       |       |       ||     1
       Sacrifice Artific |       |       |       |     1 |       |       ||     1
       Sacrifice Health  |       |       |       |     1 |       |       ||     1
       Power Leap        |       |       |       |     6 |     1 |     8 ||    15
       Sacrifice an Eye  |       |       |       |       |     1 |       ||     1
       Draw Out Power    |       |       |       |       |       |     4 ||     4
       Apocalypse        |       |       |       |       |       |     1 ||     1
 Abil: Dig               |       |       |     1 |    10 |     6 |    21 ||    38
Evoke: Wand              |       |       |     4 |     1 |       |       ||     5
  Use: Potion            |       |     1 |     2 |     5 |     4 |    11 ||    23
       Scroll            |       |       |       |    19 |       |    15 ||    34
 Stab: Paralysed         |       |       |     8 |     3 |     3 |     3 ||    17
       Distracted        |       |       |       |     2 |     2 |     3 ||     7
       Invisible         |       |       |       |     1 |     8 |     5 ||    14
Armor: Scale mail        |    58 |    15 |    40 |       |       |       ||   113
       Chain mail        |       |       |   231 |   146 |       |       ||   377
       Plate armour      |       |       |       |    78 |       |       ||    78
       Ice dragon scales |       |       |       |    10 |   505 |   292 ||   807
Dodge: Dodged            |    46 |    18 |   169 |   186 |   392 |   168 ||   979
Block: Kite shield       |    91 |    44 |   382 |   368 |   656 |   303 ||  1844

Table legend: (Time is in decaauts)
 A = Elapsed time spent in this place.
 B = Non-inter-level travel time spent in this place.
 C = Inter-level travel time spent in this place.
 D = Time resting spent in this place.
 E = Time spent auto-exploring this place.
 F = Levels seen in this place.
 G = Mean time per level.
                   A        B        C        D        E       F      G
               +--------+--------+--------+--------+--------+-----+--------+
         Total |  35393 |  33164 |   2229 |   5661 |  20862 |  28 | 1264.0 |
       Dungeon |  20459 |  18877 |   1582 |   2657 |  12570 |  15 | 1363.9 |
        Temple |    170 |    114 |     56 |      0 |     23 |   1 |  170.0 |
          Lair |   6825 |   6531 |    294 |    345 |   4974 |   6 | 1137.5 |
  Orcish Mines |   2059 |   1807 |    252 |    249 |   1236 |   2 | 1029.5 |
   Elven Halls |   4793 |   4751 |     42 |   1610 |   2059 |   3 | 1597.7 |
      Ice Cave |   1086 |   1086 |      0 |    800 |      0 |   1 | 1086.0 |
               +--------+--------+--------+--------+--------+-----+--------+

Top non-repeatable levels by time:
   Elf:1: 2101 daAuts
    D:14: 1965 daAuts
  Lair:6: 1902 daAuts
   Elf:3: 1708 daAuts
     D:9: 1670 daAuts
     D:3: 1661 daAuts
    D:15: 1632 daAuts
    D:11: 1488 daAuts
     D:5: 1481 daAuts
    D:10: 1459 daAuts
   Orc:2: 1420 daAuts
  Lair:2: 1272 daAuts
    D:13: 1245 daAuts
     D:1: 1245 daAuts
     D:6: 1201 daAuts
